 Dungeon Sprint DCSS version 0.21-a0-286-g6fcecc0 (webtiles) character file.

47 potatolord6000 the Conjurer (level 3, 0/26 HPs)
             Began as a Demigod Conjurer on Sept 27, 2017.
             Slain by Sigmund
             ... wielding a +4 vampiric scythe
              (10 damage)
             ... while paralysed by a floating eye
             ... in the Dungeon (Sprint VII: "The Pits").
             The game lasted 00:02:31 (546 turns).

potatolord6000 the Conjurer (Demigod Conjurer)       Turns: 546, Time: 00:02:32

Health: 0/26       AC:  2    Str: 11    XL:     3   Next: 29%
Magic:  4/10       EV:  2    Int: 21    God:
Gold:   0          SH:  0    Dex: 16    Spells: 5/8 levels left

rFire    . . .     SeeInvis .   p - staff of energy (curse)
rCold    . . .     Gourm    .   (no shield)
rNeg     . . .     Faith    .   a - +0 robe
rPois    .         Spirit   .   (no helmet)
rElec    .         Reflect  .   (no cloak)
rCorr    .         Harm     .   (no gloves)
MR       .....     NoTele   +   (no boots)
Stlth    ++........             (no amulet)
HPRegen  0.08/turn              (no ring)
MPRegen  0.12/turn              (no ring)

@: paralysed
A: high mp 1
a: no special abilities


You were in the Dungeon.
You were not hungry.

You visited 1 branch

Inventory:

Armour
 a - a +0 robe (worn)
Magical Staves
 p - a cursed staff of energy (weapon)
Scrolls
 i - a scroll of blinking
 k - 3 scrolls of remove curse
 l - 5 scrolls of amnesia
 m - a scroll of summoning
Potions
 d - a potion of curing
 e - a potion of heal wounds
 g - 4 potions of magic
 h - 2 potions of berserk rage
 j - 2 potions of invisibility
Books
 b - a book of Conjurations

   Spells                             Type                      Level
   a - Magic Dart                     Conjuration                  1
   b - Searing Ray                    Conjuration                  2
   c - Dazzling Spray                 Conjuration/Hexes            3
   d - Fulminant Prism                Conjuration/Hexes            4
   e - Force Lance                    Conjuration/Translocation    4
   f - Iskenderun's Mystic Blast      Conjuration                  4
Comestibles
 c - 8 bread rations
 n - 40 fruits
 o - 7 meat rations


   Skills:
 + Level 2.4 Staves
 + Level 3.4 Dodging
 - Level 1.7 Stealth
 + Level 3.0 Spellcasting
 + Level 4.5 Conjurations
 + Level 2.5 Evocations


You had 5 spell levels left.
You knew the following spells:

 Your Spells              Type           Power        Failure   Level  Hunger
a - Magic Dart            Conj           ###.         1%          1    None
b - Searing Ray           Conj           ###...       3%          2    None


Dungeon Overview and Level Annotations

Branches:
Dungeon (1/1)

Annotations:
D Sigmund


Innate Abilities, Weirdness & Mutations

You have an increased reservoir of magic. (+10% MP)


Message History

Deactivating autopickup; reactivate with Ctrl-A.
The floating eye gazes piercingly through you!
You suddenly lose the ability to move!
The floating eye's view fixates on you.
You can move again.
Casting: Searing Ray
Confirm with . or Enter, or press ? or * to list all spells.
Aiming: Searing Ray
Press: ? - help, Shift-Dir - straight line, p - floating eye The searing ray hits the floating eye.
The floating eye is severely wounded. (Press . to maintain the ray.)
Something hits you!
Ouch! That really hurt!
The searing ray hits the floating eye.
The floating eye is almost dead.
The floating eye gazes piercingly through you!
You suddenly lose the ability to move!
Something hits you!
You die...

#.?(.')))'.##......#..
##########.##.........
#...........'.........
#+#####'#####......#..
#.....# #.........
#.†...# ####'#####
###'### #.......#
#.....# #.......#
#..@..# #.......#
####G## #...<...#
#....{...##.......#
#a.......##.......#
###########.......#
#########


You could see a floating eye.

Vanquished Creatures
  A worker ant (D)
  A gnoll (D)
  A river rat (D)
  3 jackals (D)
  A frilled lizard (D)
  A quokka zombie (D)
8 creatures vanquished.

Notes
Turn   | Place    | Note
-------+----------+-------------------------------------------
     0 | D        | potatolord6000 the Demigod Conjurer began the quest for the Orb.
     0 | D        | Reached XP level 1. HP: 14/14 MP: 5/5
    51 | D        | Noticed a worker ant
    54 | D        | Reached skill level 1 in Staves
    54 | D        | Reached skill level 4 in Conjurations
    54 | D        | Reached skill level 1 in Evocations
    54 | D        | Reached XP level 2. HP: 20/20 MP: 5/7
    59 | D        | Reached XP level 3. HP: 26/26 MP: 6/10
   339 | D        | Learned a level 2 spell: Searing Ray
   480 | D        | Noticed Sigmund
   480 | D        | Noticed a floating eye
   541 | D        | Paralysed by a floating eye for 2 turns
   545 | D        | Paralysed by a floating eye for 2 turns
   546 | D        | Slain by Sigmund

Vault maps used:
D:        pitsprint

Skill      XL: |  1  2  3 |
---------------+----------+-----
Dodging        | 2 3 |  3.4
Staves         | 1 2 |  2.4
Spellcasting   | 2 3 |  3.0
Conjurations   | 4 |  4.5
Evocations     | 1 2 |  2.5
Stealth        | |  1.7

Action                   || total
-------------------------++-------
Melee: Staff             ||     6
 Cast: Magic Dart        ||    10
       Searing Ray       ||     4
  Use: Potion            ||     2
Armor: Robe              ||     1
Dodge: Dodged            ||    10

Table legend:
 A = Spawn XP
 B = Non-spawn XP
 C = Spawn XP percentage of total XP
 D = Spawn monster count
 E = Non-spawn monster count
 F = Spawn count percentage of total count
 G = Total turns spent on level
                    A         B        C        D         E        F      G
               +---------+---------+-------+---------+---------+-------+---------
         Total |       0 |      68 |   0.0 |       0 |       8 |   0.0 |   546
               +---------+---------+-------+---------+---------+-------+---------
             D |       0 |      68 |   0.0 |       0 |       8 |   0.0 |   546
               +---------+---------+-------+---------+---------+-------+---------
